 Dungeon Crawl Stone Soup version 0.27.1-34-g3ba077fa99 (webtiles) character file.

Game seed: 11912530382352313597

5660 LLlMATKO the Cleaver (level 10, -39/139 HPs)
             Began as a Minotaur Berserker on Jan 28, 2022.
             Was an Elder of Trog.
             Annihilated by a two-headed ogre (51 damage)
             ... on level 8 of the Dungeon.
             The game lasted 00:11:29 (10254 turns).

LLlMATKO the Cleaver (Minotaur Berserker)          Turns: 10254, Time: 00:11:29

Health: -39/139    AC: 19    Str: 23    XL:     10   Next: 46%
Magic:  9/9        EV: 10    Int:  4    God:    Trog [****..]
Gold:   888        SH: 10    Dex: 12    Spells: 9/9 levels left

rFire    . . .     SeeInvis .   t - +1 war axe
rCold    + . .     Faith    .   n - +0 buckler
rNeg     . . .     Spirit   .   A - +1 plate armour {rC+}
rPois    .         Reflect  +   (helmet restricted)
rElec    .         Harm     .   i - +0 cloak {Will+}
rCorr    .         Rampage  .   (no gloves)
Will     +....                  y - +1 pair of boots {Fly}
Stlth    ..........             e - amulet of reflection
HPRegen  0.33/turn              (no ring)
MPRegen  0.11/turn              (no ring)

@: berserking, flying, very quick
A: horns 2, retaliatory headbutt
a: Renounce Religion, Berserk, Trog's Hand, Brothers in Arms


You were on level 8 of the Dungeon.
You worshipped Trog.
Trog was greatly pleased with you.
You visited 1 branch of the dungeon, and saw 8 of its levels.

You collected 888 gold pieces.

Inventory:

Hand Weapons
 m - a +0 hand crossbow
 t - a +1 war axe (weapon)
Missiles
 p - 63 bolts
Armour
 i - a +0 cloak of willpower (worn)
 n - a +0 buckler (worn)
 y - a +1 pair of boots of flying (worn)
 A - a +1 plate armour of cold resistance (worn)
Jewellery
 e - an amulet of reflection (around neck)
 w - a ring of willpower
 x - a +6 ring of strength
Wands
 a - a wand of flame (17)
 c - a wand of iceblast (11)
Scrolls
 d - 4 scrolls of enchant armour
 f - 6 scrolls of teleportation
 g - a scroll of enchant weapon
 k - a scroll of identify
 l - a scroll of magic mapping {unknown}
 v - a scroll of fear {unknown}
Potions
 b - 2 potions of heal wounds
 h - 4 potions of curing
 j - 3 potions of flight
 o - 2 potions of haste
 q - a potion of ambrosia {unknown}
 r - a potion of degeneration {unknown}
 s - 2 potions of brilliance {unknown}
 u - a potion of attraction {unknown}
 z - a potion of cancellation {unknown}
 C - a potion of might


   Skills:
 + Level 9.8 Fighting
 + Level 9.9 Axes
 + Level 0.9 Crossbows
 + Level 9.4 Armour
 + Level 8.7 Dodging
 + Level 3.8 Shields


You had 9 spell levels left.
You didn't know any spells.
Your spell library was empty.

Dungeon Overview and Level Annotations

Branches:
Dungeon (8/15)             Temple (0/1) D:7
   Lair: D:8-11

Altars:
Ashenzari
Elyvilon
Gozag
Hepliaklqana
Kikubaaqudgha
Ru
Yredelemnul
The Shining One

Shops:
D:7 *


Innate Abilities, Weirdness & Mutations

You have a pair of horns on your head.
You reflexively headbutt those who attack you in melee.


Message History

A - a +1 plate armour of cold resistance You start removing your armour.
You continue taking off your +0 plate armour. x4
You finish taking off your +0 plate armour.
You start putting on your armour.
You continue putting on your +1 plate armour of cold resistance. x5
You finish putting on your +1 plate armour of cold resistance.
You feel resistant to cold.
Unknown command.
Drop what? 29/52 slots (_ for help) (? for menu, Esc to quit)
You drop a +0 plate armour.
There is a large open door here.
You reach down and open the large door.
There is a large open door here.
A two-headed ogre comes into view.
It is wielding the +10 dark maul {vorpal} and a +0 giant club.
The two-headed ogre shouts in stereo!
A two-headed ogre comes into view.
It is wielding two +0 giant spiked clubs.
There is a large open door here.
There is a large open door here.
Things that are here:
a +0 plate armour; a +0 hand axe; an orc corpse You start waiting.
A two-headed ogre is nearby!
You hit the two-headed ogre.
Your headbutt misses the two-headed ogre.
The two-headed ogre is lightly wounded.
You hit the two-headed ogre but do no damage.
You headbutt the two-headed ogre.
The two-headed ogre is lightly wounded.
The two-headed ogre hits you with the +10 dark maul {vorpal}!!
The two-headed ogre hits you with a +0 giant club!!
A red film seems to cover your vision as you go berserk!
You feel yourself moving faster!
You feel mighty!
The two-headed ogre hits you with the +10 dark maul {vorpal}!!!
* * * LOW HITPOINT WARNING * * *
x2 You block the two-headed ogre's attack.
You slash the two-headed ogre!
The two-headed ogre is moderately wounded.
The two-headed ogre hits you with the +10 dark maul {vorpal}!!!
You die...

#..####..# ...#.#
##.## #.## ..#.#
#..# #.#
.#######.#.#
##.###.#
.........#..
#..##.##.........#..
##.##..########''#..
#[.#..'.........#..
##.#..'.O.......#..
#@#.############>.
##O.# #..........
#..# ##.........
##.# #......... #.##
#......... #..#
##........ #..##
##....... #...#
##...... #.#.##
#.....#


You could see a two-headed ogre.

Vanquished Creatures
  A manticore (D:8)
  Psyche (D:8)
  A wraith (D:7)
  A wyvern (D:8)
  4 yaks (D:6)
  Grum (D:8)
  2 steam dragons
  Menkaure (D:7)
  2 water moccasins
  3 orc warriors
  2 sky beasts (D:6)
  2 ice beasts
  A hornet zombie (D:5)
  3 wolves (D:8)
  2 ogres (D:6)
  A phantom (D:4)
  A centaur (D:8)
  2 kobold brigands
  A gnoll sergeant (D:7)
  2 bullfrogs
  7 scorpions
  A water moccasin skeleton (D:5)
  4 wights (D:8)
  6 howler monkeys
  3 orc priests
  Crazy Yiuf (D:2)
  2 centaur skeletons
  3 gnoll shamans
  4 hounds
  Jessica (D:2)
  4 iguanas
  Natasha (thrice) (D:3)
  An orc wizard (D:8)
  A scorpion zombie (D:5)
  2 hound skeletons (D:4)
  A howler monkey skeleton (D:5)
  8 adders
  20 gnolls
  4 white imps (D:6)
  An adder skeleton (D:3)
  2 worms
  2 dart slugs
  15 orcs
  4 ball pythons
  6 endoplasms
  3 giant cockroaches
  2 goblins (D:3)
  3 hobgoblins
  4 jackals
  20 kobolds
  2 quokkas
  7 bats
  2 frilled lizards
  6 rats
  A spectral orc (D:3)
190 creatures vanquished.

Notes
Turn   | Place    | Note
-------+----------+-------------------------------------------
     0 | D:1      | LLlMATKO the Minotaur Berserker began the quest for the
                  | Orb.
     0 | D:1      | Reached XP level 1. HP: 19/19 MP: 0/0
   450 | D:1      | Reached XP level 2. HP: 16/27 MP: 1/1
   599 | D:1      | Found a faded altar of an unknown god.
  1469 | D:2      | Noticed Jessica
  1488 | D:2      | Killed Jessica
  1489 | D:2      | Reached XP level 3. HP: 33/33 MP: 2/2
  1682 | D:2      | Found a runed translucent door.
  1683 | D:2      | Noticed Crazy Yiuf
  1928 | D:2      | Killed Crazy Yiuf
  1928 | D:2      | Reached ** piety under Trog
  1929 | D:2      | Reached XP level 4. HP: 41/41 MP: 3/3
  2009 | D:3      | Noticed a bullfrog
  2017 | D:3      | Killed a bullfrog
  2018 | D:3      | Reached XP level 5. HP: 45/47 MP: 4/4
  2198 | D:3      | Noticed Natasha
  2208 | D:3      | Killed Natasha
  2274 | D:3      | Found a basalt altar of Yredelemnul.
  2534 | D:3      | Noticed Natasha
  2540 | D:3      | Killed Natasha
  2541 | D:3      | Reached skill level 5 in Axes
  2607 | D:3      | Noticed Natasha
  2613 | D:3      | Killed Natasha
  2614 | D:3      | Reached skill level 5 in Fighting
  2738 | D:3      | Found a glowing golden altar of the Shining One.
  2771 | D:4      | Noticed a phantom
  2780 | D:4      | Reached XP level 6. HP: 56/56 MP: 5/5
  2780 | D:4      | Found a white marble altar of Elyvilon.
  3116 | D:4      | Found a large runed translucent door.
  3117 | D:4      | Found a large runed translucent door.
  3396 | D:4      | Identified the +1 robe of Soft Rains {Str+3}
  3720 | D:4      | Found an ancient bone altar of Kikubaaqudgha.
  3865 | D:4      | Found a hazy altar of Hepliaklqana.
  3902 | D:5      | Entered Level 5 of the Dungeon
  3933 | D:5      | Reached *** piety under Trog
  3934 | D:5      | Reached XP level 7. HP: 56/62 MP: 6/6
  3973 | D:5      | Reached skill level 5 in Armour
  4149 | D:5      | Reached skill level 5 in Dodging
  4531 | D:5      | Reached XP level 8. HP: 71/71 MP: 7/7
  5743 | D:6      | Reached **** piety under Trog
  6125 | D:6      | Found a broken altar of Ashenzari.
  6125 | D:6      | Found a sacrificial altar of Ru.
  6163 | D:6      | Reached XP level 9. HP: 81/81 MP: 8/8
  7675 | D:7      | Reached skill level 1 in Shields
  7836 | D:7      | Found a staircase to the Ecumenical Temple.
  8020 | D:7      | Found Qokhla's Assorted Antiques.
  8070 | D:7      | Noticed Menkaure
  8075 | D:7      | Killed Menkaure
  8786 | D:8      | Reached XP level 10. HP: 91/91 MP: 9/9
  8943 | D:8      | Noticed a manticore
  8958 | D:8      | Killed a manticore
  9199 | D:8      | Found an opulent altar of Gozag.
  9204 | D:8      | Noticed Grum
  9223 | D:8      | Killed Grum
  9592 | D:8      | Noticed Psyche
  9614 | D:8      | Killed Psyche
 10232 | D:8      | Noticed a two-headed ogre
 10232 | D:8      | Noticed a two-headed ogre
 10254 | D:8      | Annihilated by a two-headed ogre

Illustrated notes

Levels and vault maps discovered:
D:1:      lemuel_arrival_funnel, layout_basic, shapermc_ecumenical_altar_venn
D:2:      layout_loops_ring, uniq_jessica, uniq_crazy_yiuf_cottage
D:3:      layout_loops_ring, tso_altar, yredelemnul_forgotten_temple_becter,
          uniq_natasha
D:4:      layout_basic, mainiacjoe_overflow_small_starburst,
          jmf_multi_god_temple2, minmay_misc_feat_more_columns
D:5:      layout_basic
D:6:      minmay_polygon_palace, layout_loops_corners,
          grunt_temple_overflow_open, minmay_microvault
D:7:      layout_cave_pods, minmay_temple_entry_overgrown, serial_shops, shop,
          uniq_menkaure
D:8:      layout_cave_pods, mainiacjoe_overflow_tiny_flanked,
          hellmonk_guarded_unrand_dark_maul, uniq_grum, uniq_psyche

Skill      XL: |  1  2  3  4  5  6  7  8  9 10 |
---------------+-------------------------------+-----
Fighting       | 4 5 6 7 9 |  9.8
Axes           | 4 5 6 8 9 |  9.9
Armour         | 3 4 6 7 8 9 |  9.4
Dodging        | 3 4 5 6 8 |  8.7
Shields        | 2 3 |  3.8
Crossbows      | |  0.9

Action                   |  1- 3 |  4- 6 |  7- 9 | 10-12 || total
-------------------------+-------+-------+-------+-------++-------
Melee: Hand axe          |    54 |   130 |    10 |       ||   194
       Headbutt          |    10 |    24 |    52 |    19 ||   105
       War axe           |       |       |   249 |    74 ||   323
Throw: Throwing net      |       |       |     1 |       ||     1
Invok: Berserk           |     2 |     2 |    10 |     5 ||    19
  Use: Scroll            |     2 |       |    11 |       ||    13
 Stab: Sleeping          |     1 |       |       |       ||     1
Armor: Animal skin       |     2 |       |       |       ||     2
       Ring mail         |     7 |       |       |       ||     7
       Scale mail        |       |    32 |       |       ||    32
       Chain mail        |       |     3 |    80 |       ||    83
       Plate armour      |       |       |    29 |    41 ||    70
Dodge: Dodged            |    31 |    51 |   116 |    24 ||   222
Block: Other             |    11 |    27 |    42 |       ||    80
       Reflection        |     1 |       |       |     1 ||     2
       Buckler           |       |       |    19 |    32 ||    51
